 Dungeon Crawl Stone Soup version 0.21-a0-538-gd16b88a (webtiles) character file.

76 rabbitfr the Sneak (level 4, 0/21 HPs)
             Began as a Spriggan Enchanter on Dec 15, 2017.
             Succumbed to a worker ant's poison
             ... on level 2 of the Dungeon.
             The game lasted 00:06:47 (2357 turns).

rabbitfr the Sneak (Spriggan Enchanter)             Turns: 2357, Time: 00:06:48

Health: 0/21       AC:  3    Str:  4    XL:     4   Next: 12%
Magic:  10/11      EV: 18    Int: 17    God:
Gold:   76         SH:  0    Dex: 16    Spells: 8/11 levels left

rFire    . . .     SeeInvis +   a - +1 dagger
rCold    . . .     Gourm    .   (shield restricted)
rNeg     . . .     Faith    .   b - +0 robe
rPois    .         Spirit   .   (helmet restricted)
rElec    .         Reflect  .   g - +0 cloak
rCorr    .         Harm     .   (gloves unavailable)
MR       .....                  (boots unavailable)
Stlth    +++.......             (no amulet)
HPRegen  0.07/turn              (no ring)
MPRegen  0.12/turn              (no ring)

@: lethally poisoned (0 -> -6), very quick
A: very small, unfitting armour, see invisible, herbivore 3, speed 3, slow
metabolism 2
a: no special abilities


You were on level 2 of the Dungeon.
You were not hungry.

You visited 1 branch of the dungeon, and saw 2 of its levels.

You collected 76 gold pieces.

Inventory:

Hand Weapons
 a - a +1 dagger (weapon)
Armour
 b - a +0 robe (worn)
 g - a +0 cloak (worn)
Jewellery
 i - an uncursed ring of resist corrosion {unknown}
 k - an uncursed ring of poison resistance {unknown}
Wands
 n - a wand of flame (24)
Scrolls
 f - a scroll of identify {unknown}
 l - a scroll of blinking {unknown}
 m - a scroll of amnesia {unknown}
Potions
 e - a potion of agility {unknown}
 j - a potion of curing {unknown}
Books
 c - a book of Maledictions

   Spells                             Type                      Level
   a - Corona                         Hexes                        1
   b - Ensorcelled Hibernation        Hexes/Ice                    2
   c - Confuse                        Hexes                        3
   d - Tukima's Dance                 Hexes                        3
   e - Dazzling Spray                 Conjuration/Hexes            3
Comestibles
 d - a bread ration
 h - a royal jelly


   Skills:
 - Level 3.0 Short Blades
 - Level 3.0 Dodging
 - Level 4.8 Stealth
 + Level 4.2 Spellcasting
 - Level 3.6 Hexes


You had 8 spell levels left.
You knew the following spells:

 Your Spells              Type           Power        Failure   Level  Hunger
a - Corona                Hex            ###....      3%          1    None
b - Ensorcelled Hibernat  Hex/Ice        #.....       11%         2    ##.....


Dungeon Overview and Level Annotations

Branches:
Dungeon (2/15)

Altars:
Cheibriados


Innate Abilities, Weirdness & Mutations

You are very small and have problems with some larger weapons.
You are too small for most types of armour.
You have supernaturally acute eyesight. (SInv)
You are a herbivore.
You cover ground extremely quickly.
You need consume almost no food.


Message History

* * * LOW HITPOINT WARNING * * *
You feel sick. The bat misses you. The bat misses you.
The bat completely misses you.
* * * LOW HITPOINT WARNING * * *
You feel sick. The bat completely misses you.
* * * LOW HITPOINT WARNING * * *
You feel sick. The bat closely misses you. The bat hits you but does no damage.
* * * LOW HITPOINT WARNING * * *
You feel sick. The bat hits you but does no damage. The bat misses you.
* * * LOW HITPOINT WARNING * * *
You feel sick. The bat misses you. The bat misses you.
* * * LOW HITPOINT WARNING * * *
You feel sick. The bat misses you. The bat completely misses you.
The bat barely misses you.
You die...

##.# ######.###.###
#.####......# #.##
#......###### #..#
#.###### ##.# #.# #.#
#.# #.## #####.## #.%.
#......# ###. #.####@#
## ##.## ######.
##.[b## #.......
##..(..## ##..##....
#.......####..##..?..
#....._.....##.# #.....
###.......#.#..###.....
##.....##.a..a.g.....
##...##.#######K....


You could see a worker ant and a bat.

Vanquished Creatures
  A gnoll (D:2)
  An adder (D:2)
  2 oozes (D:1)
  A dart slug (D:1)
  8 bats
  2 giant cockroaches
  2 goblins
  6 hobgoblins
  10 jackals
  A quokka (D:2)
  4 frilled lizards
  4 kobolds
  A rat (D:2)
43 creatures vanquished.

Notes
Turn   | Place    | Note
-------+----------+-------------------------------------------
     0 | D:1      | rabbitfr the Spriggan Enchanter began the quest for the Orb.
     0 | D:1      | Reached XP level 1. HP: 9/9 MP: 5/5
   625 | D:1      | Reached XP level 2. HP: 11/13 MP: 7/7
   633 | D:1      | Learned a level 2 spell: Ensorcelled Hibernation
  1122 | D:1      | Reached XP level 3. HP: 14/16 MP: 9/9
  2065 | D:2      | Found a snail-covered altar of Cheibriados.
  2082 | D:2      | Reached XP level 4. HP: 11/21 MP: 8/11
  2354 | D:2      | HP: 1/21 [poisoned by a worker ant]
  2357 | D:2      | Succumbed to a worker ant's poison

Vault maps used:
D:1:      minmay_arrival_widening_spiral_wide
D:2:      lemuel_round_altar, nemelex_diamond_rough_becter

Skill      XL: |  1  2  3 |
---------------+----------+-----
Spellcasting   | 3 4 |  4.2
Short Blades   | 2 3 |  3.0
Dodging        | |  3.0
Stealth        | |  4.8
Hexes          | |  3.6

Action                   |  1- 3 |  4- 6 || total
-------------------------+-------+-------++-------
Melee: Dagger            |   237 |     6 ||   243
 Cast: Ensorcelled Hiber |     1 |     1 ||     2
 Stab: Sleeping          |     8 |       ||     8
Armor: Robe              |    34 |     3 ||    37
Dodge: Dodged            |   232 |    19 ||   251

Table legend:
 A = Spawn XP
 B = Non-spawn XP
 C = Spawn XP percentage of total XP
 D = Spawn monster count
 E = Non-spawn monster count
 F = Spawn count percentage of total count
 G = Total turns spent on level
                    A         B        C        D         E        F      G
               +---------+---------+-------+---------+---------+-------+---------
         Total |       0 |     109 |   0.0 |       0 |      43 |   0.0 |  2357
               +---------+---------+-------+---------+---------+-------+---------
           D:1 |       0 |      48 |   0.0 |       0 |      21 |   0.0 |  1382
           D:2 |       0 |      61 |   0.0 |       0 |      22 |   0.0 |   975
               +---------+---------+-------+---------+---------+-------+---------
